 Dungeon Crawl Stone Soup version 0.22-a0-48-g8770677 (webtiles) character file.

4093 gmonis the Basher (level 10, -3/86 HPs)
             Began as a Minotaur Berserker on Jan 7, 2018.
             Was a High Priest of Trog.
             Slain by a hornet (9 damage)
             ... on level 8 of the Dungeon.
             The game lasted 00:20:58 (6667 turns).

gmonis the Basher (Minotaur Berserker)              Turns: 6667, Time: 00:20:58

Health: -3/86      AC: 13    Str: 29    XL:     10   Next: 5%
Magic:  9/9        EV:  9    Int:  4    God:    Trog [*****.]
Gold:   414        SH:  0    Dex:  9    Spells: 9/9 levels left

rFire    . . .     SeeInvis .   a - +0 mace
rCold    . . .     Gourm    .   (no shield)
rNeg     . . .     Faith    .   G - +0 plate armour
rPois    +         Spirit   .   (helmet restricted)
rElec    .         Reflect  .   (no cloak)
rCorr    .         Harm     .   (no gloves)
MR       ++...                  (no boots)
Stlth    ..........             b - amulet of regeneration
HPRegen  1.64/turn              s - ring of poison resistance
MPRegen  0.11/turn              r - +3 ring of strength

@: regenerating, slowed, very slow
A: retaliatory headbutt, horns 2
a: Berserk, Trog's Hand, Brothers in Arms, Burn Spellbooks, Renounce Religion


You were on level 8 of the Dungeon.
You worshipped Trog.
Trog was extremely pleased with you.
You were not hungry.

You visited 2 branches of the dungeon, and saw 9 of its levels.
You also visited: Ossuary.

You collected 414 gold pieces.

Inventory:

Hand Weapons
 a - a +0 mace (weapon)
 M - a +0 antimagic halberd
Missiles
 i - 252 stones (quivered)
Armour
 o - a +0 chain mail
 G - a +0 plate armour (worn)
 H - a -1 chain mail
 L - quicksilver dragon scales
Jewellery
 b - an amulet of regeneration (around neck)
 k - an uncursed ring of magical power
 r - a +3 ring of strength (right hand)
 s - a ring of poison resistance (left hand)
 w - an uncursed amulet of rage
 F - a +4 ring of strength
 I - an uncursed ring of wizardry
Wands
 x - a wand of scattershot (4)
Scrolls
 d - 4 scrolls of amnesia
 e - a scroll of noise {unknown}
 f - 3 scrolls of fear
 h - 2 scrolls of teleportation
 j - 2 scrolls of random uselessness {unknown}
 l - 6 scrolls of identify
 n - 3 scrolls of blinking
 p - a scroll of enchant armour {unknown}
 u - 4 scrolls of enchant weapon {unknown}
 y - 2 scrolls of magic mapping {unknown}
 A - a scroll of fog {unknown}
 D - a scroll of remove curse
Potions
 g - a potion of haste {unknown}
 m - 4 potions of curing {unknown}
 q - 6 potions of heal wounds
 t - a potion of might {unknown}
 v - a potion of ambrosia {unknown}
 z - 2 potions of agility
 B - 4 potions of flight {unknown}
 J - a potion of lignification {unknown}
 K - a potion of brilliance {unknown}
Books
 C - a book of Power

   Spells                             Type                      Level
   a - Iskenderun's Battlesphere      Conjuration/Charms           5
   b - Venom Bolt                     Conjuration/Poison           5
   c - Bolt of Magma                  Conjuration/Fire/Earth       5
   d - Iron Shot                      Conjuration/Earth            6
   e - Orb of Destruction             Conjuration                  7
   f - Spellforged Servitor           Conjuration/Summoning        7
   Trog disapproves of the use of such an item.
 E - a book of Cantrips

   Spells                             Type                      Level
   a - Confusing Touch                Hexes                        1
   b - Animate Skeleton               Necromancy                   1
   c - Summon Small Mammal            Summoning                    1
   d - Apportation                    Translocation                1
   Trog disapproves of the use of such an item.
Comestibles
 c - 8 rations
 N - a chunk of flesh


   Skills:
 + Level 7.5 Fighting
 - Level 14.0 Maces & Flails
 + Level 7.6 Armour
 + Level 3.0 Dodging


You had 9 spell levels left.
You didn't know any spells.

Dungeon Overview and Level Annotations

Branches:
Dungeon (8/15)             Temple (1/1) D:6
   Lair: D:8-11

Altars:
Ashenzari
Cheibriados
Dithmenos
Elyvilon
Fedhas
Gozag
Hepliaklqana
Kikubaaqudgha
Makhleb
Nemelex Xobeh
Okawaru
Qazlal
Ru
Sif Muna
Trog
Uskayaw
Vehumet
Wu Jian
Xom
Yredelemnul
Zin
The Shining One

Shops:
D:7 %[!*


Innate Abilities, Weirdness & Mutations

You reflexively headbutt those who attack you in melee.
You have a pair of horns on your head.


Message History

* * * LOW HITPOINT WARNING * * *
You suddenly lose the ability to move!
The hornet stings you but does no damage.
You can move again.
Your skin crawls.
You feel resistant to hostile enchantments.
You feel somewhat more hungry. The hornet closely misses you.
You furiously retaliate!
You headbutt the hornet, but do no damage.
The hornet closely misses you.
You thump the hornet! Your headbutt misses the hornet.
The hornet is heavily wounded.
The hornet stings you but does no damage.
The hornet stings you!
* * * LOW HITPOINT WARNING * * *
You closely miss the hornet.
The hornet is heavily wounded.
The hornet stings you but does no damage.
The hornet stings you!
You die...

#.....###...###
#......#†)....#
#......#......# ##
#......#......+ .#
#......##.....# .#
#...>..##.....## #.
#.......'........
#.###.##.......#........
#....†y@.......#........
#....###....####.######.
#... #....# #.# #..
............ #.
............. #
..............
.#########..


You could see a hornet.

Vanquished Creatures
  The ghost of Paulus the Cruncher, a novice MiMo of Hepliaklqana (D:7)
  The ghost of anet the Magician, a novice DEWz (D:5)
  2 hornets (D:8)
  A hippogriff (D:8)
  Grum (D:8)
  The ghost of anet the Magician, an amateur DEWz (D:4)
  2 orc warriors (D:7)
  A sky beast (D:7)
  3 eyes of draining (D:8)
  A black bear (D:6)
  2 ogres (D:6)
  2 wolves (D:8)
  A bullfrog (D:7)
  3 water moccasin zombies (Ossuary)
  2 scorpions
  4 wights (D:8)
  A howler monkey (D:4)
  3 hounds
  A quasit (D:7)
  3 orc priests
  7 orc wizards
  A centaur skeleton (D:6)
  4 worker ants
  A killer bee zombie (D:7)
  4 big kobold zombies (Ossuary)
  2 mummies (Ossuary)
  2 hound skeletons
  Robin (D:2)
  8 adders
  4 gnolls
  2 shadow imps
  An adder skeleton (D:5)
  6 adder zombies
  A dart slug (D:4)
  4 leopard geckos
  31 orcs
  A ball python (D:1)
  4 giant cockroaches
  4 gnoll zombies (Ossuary)
  12 goblins
  5 hobgoblins
  4 jackals (D:6)
  A quokka (D:7)
  5 bats
  7 hobgoblin zombies (Ossuary)
  4 kobolds
  2 kobold zombies (Ossuary)
  2 leopard gecko skeletons (D:7)
  5 orc zombies (Ossuary)
  7 rats
  A plant (D:7)
179 creatures vanquished.

Notes
Turn   | Place    | Note
-------+----------+-------------------------------------------
     0 | D:1      | gmonis the Minotaur Berserker began the quest for the Orb.
     0 | D:1      | Reached XP level 1. HP: 19/19 MP: 0/0
   208 | D:1      | Reached XP level 2. HP: 27/27 MP: 1/1
  1152 | D:2      | Reached skill level 4 in Maces & Flails
  1171 | D:2      | Found a sacrificial altar of Ru.
  1252 | D:2      | Noticed Robin
  1268 | D:2      | Killed Robin
  1268 | D:2      | Reached XP level 3. HP: 22/33 MP: 2/2
  1278 | D:2      | Reached ** piety under Trog
  1403 | D:2      | Reached XP level 4. HP: 8/41 MP: 3/3
  2165 | D:3      | Found a glowing silver altar of Zin.
  2206 | D:3      | Reached XP level 5. HP: 28/47 MP: 4/4
  2785 | D:4      | Reached skill level 5 in Maces & Flails
  2801 | D:4      | Found an ancient bone altar of Kikubaaqudgha.
  2803 | D:4      | Noticed anet's ghost (amateur DEWz)
  2811 | D:4      | Reached skill level 5 in Armour
  2838 | D:4      | Killed anet's ghost
  2838 | D:4      | Reached *** piety under Trog
  2838 | D:4      | Reached skill level 5 in Fighting
  2838 | D:4      | Reached XP level 6. HP: 43/56 MP: 5/5
  2902 | D:4      | Found a shadowy altar of Dithmenos.
  2902 | D:4      | Found a burning altar of Makhleb.
  2940 | D:4      | Found a deep blue altar of Sif Muna.
  3044 | D:4      | Reached skill level 6 in Maces & Flails
  3194 | D:5      | Entered Level 5 of the Dungeon
  3412 | D:5      | Noticed anet's ghost (novice DEWz)
  3417 | D:5      | Killed anet's ghost
  3417 | D:5      | Reached skill level 7 in Maces & Flails
  3417 | D:5      | Reached XP level 7. HP: 60/61 MP: 6/6
  3787 | D:5      | Reached skill level 8 in Maces & Flails
  3802 | D:5      | Found an ornate altar of the Wu Jian Council.
  3907 | D:5      | Found a snail-covered altar of Cheibriados.
  4040 | D:6      | Reached skill level 9 in Maces & Flails
  4079 | D:6      | Found a staircase to the Ecumenical Temple.
  4119 | Temple   | Entered the Ecumenical Temple
  4321 | D:6      | Noticed a dagger
  4321 | D:6      | Noticed a hand axe
  4324 | D:6      | Found a hide-covered altar of Uskayaw.
  4374 | D:6      | Reached XP level 8. HP: 68/68 MP: 7/7
  4438 | D:6      | Reached skill level 10 in Maces & Flails
  4932 | D:7      | Found Mihido Nipp's Antique Armour Shoppe.
  4942 | D:7      | Noticed Paulus's ghost (novice MiMo)
  4968 | D:7      | Killed Paulus's ghost
  4968 | D:7      | Reached skill level 12 in Maces & Flails
  4977 | D:7      | Reached XP level 9. HP: 23/74 MP: 8/8
  5174 | D:7      | Found a sparkling altar of Nemelex Xobeh.
  5174 | D:7      | Found a hazy altar of Hepliaklqana.
  5174 | D:7      | Found a basalt altar of Yredelemnul.
  5224 | D:7      | Reached skill level 13 in Maces & Flails
  5230 | D:7      | Found a white marble altar of Elyvilon.
  5303 | D:7      | Found a sand-covered staircase.
  5307 | Ossuary  | Entered an ossuary
  5436 | Ossuary  | Reached **** piety under Trog
  5731 | D:7      | Found Atohitu's Assorted Antiques.
  6074 | D:7      | Found Ciefyar's Distillery.
  6302 | D:7      | Found Qudetur's Food Emporium.
  6351 | D:8      | Reached skill level 14 in Maces & Flails
  6396 | D:8      | Found an opulent altar of Gozag.
  6467 | D:8      | Found a bloodstained altar of Trog.
  6498 | D:8      | Reached ***** piety under Trog
  6574 | D:8      | Noticed Grum
  6585 | D:8      | Killed Grum
  6653 | D:8      | Reached XP level 10. HP: 69/86 MP: 9/9
  6655 | D:8      | Paralysed by a hornet for 2 turns
  6661 | D:8      | Paralysed by a hornet for 1 turns
  6664 | D:8      | Paralysed by a hornet for 1 turns
  6666 | D:8      | HP: 4/86 [hornet (12)]
  6667 | D:8      | Slain by a hornet

Vault maps used:
D:1:      lightli_molten_gateway, hangedman_decor_points
D:2:      nicolae_ru_sacrificial_ziggurat, uniq_robin
D:3:      lemuel_upstairs_altar, lemuel_doored_altar, first_ration
D:4:      old_standard_altar, gammafunk_temple_overflow_pools, kennysheep_mini
D:5:      old_standard_altar, kennysheep_mini_moat, grunt_decor_resistance
D:6:      dancing_weapons_uskayaw, temple_pool_b
D:7:      overflow_temple_1_default, gammafunk_temple_overflow_forgotten,
          lightli_ossuary_entry_decrepit_ruins, serial_shops, shop, shop,
          nicolae_shop_temple_entry_statues_fountains, nicolae_shop_behind_doors
D:8:      trog_eyes_of_draining, basic_altar, hangedman_pestilent_swarm,
          minmay_the_grid_2x2, uniq_grum
Temple:   jpeg_temple_island
Ossuary:  ossuary_tomb_2

Skill      XL: |  1  2  3  4  5  6  7  8  9 |
---------------+----------------------------+-----
Fighting       | 4 5 7 |  7.5
Maces & Flails | 4 5 7 9 12 14 | 14.0
Armour         | 3 4 5 7 |  7.6
Dodging        | 3 |  3.0

Action                   |  1- 3 |  4- 6 |  7- 9 | 10-12 || total
-------------------------+-------+-------+-------+-------++-------
Melee: Mace              |    67 |   100 |   377 |    11 ||   555
       Headbutt          |     9 |    23 |    93 |       ||   125
Invok: Berserk           |     2 |     1 |     3 |       ||     6
       Trog's Hand       |       |       |       |     1 ||     1
  Use: Scroll            |       |       |     6 |       ||     6
       Potion            |       |       |     1 |       ||     1
  Eat: Chunk             |     2 |     9 |    10 |       ||    21
       Ration            |       |       |     1 |       ||     1
Armor: Ring mail         |    14 |       |       |       ||    14
       Animal skin       |     2 |       |       |       ||     2
       Chain mail        |    20 |    41 |    80 |       ||   141
       Plate armour      |       |       |    85 |    12 ||    97
Dodge: Dodged            |    40 |    40 |   111 |     7 ||   198

Table legend:
 A = Spawn XP
 B = Non-spawn XP
 C = Spawn XP percentage of total XP
 D = Spawn monster count
 E = Non-spawn monster count
 F = Spawn count percentage of total count
 G = Total turns spent on level
                    A         B        C        D         E        F      G
               +---------+---------+-------+---------+---------+-------+---------
         Total |       0 |    5848 |   0.0 |       0 |     178 |   0.0 |  6667
               +---------+---------+-------+---------+---------+-------+---------
           D:1 |       0 |      18 |   0.0 |       0 |      12 |   0.0 |  1031
           D:2 |       0 |     104 |   0.0 |       0 |      24 |   0.0 |  1035
           D:3 |       0 |     107 |   0.0 |       0 |      18 |   0.0 |   687
           D:4 |       0 |     336 |   0.0 |       0 |      17 |   0.0 |   441
           D:5 |       0 |     391 |   0.0 |       0 |       6 |   0.0 |   786
           D:6 |       0 |     722 |   0.0 |       0 |      17 |   0.0 |   608
           D:7 |       0 |    1847 |   0.0 |       0 |      34 |   0.0 |  1246
           D:8 |       0 |    1885 |   0.0 |       0 |      18 |   0.0 |   320
       Ossuary |       0 |     438 |   0.0 |       0 |      32 |   0.0 |   321
               +---------+---------+-------+---------+---------+-------+---------
